 Dungeon Crawl Stone Soup version 0.24.1-8-ga250c9d538 (webtiles) character file.

Game seed: 8675669675646927512, levelgen mode: deterministic

2342 Hugehornet the Changer (level 9, -1/53 HPs)
             Began as an Octopode Transmuter on May 7, 2020.
             Was a Follower of Cheibriados.
             Slain by Grum
             ... wielding a -1 spear of flaming
              (5 damage)
             ... on level 8 of the Dungeon.
             The game lasted 00:21:57 (9848 turns).

Hugehornet the Changer (Octopode Transmuter)        Turns: 9848, Time: 00:21:57

Health: -1/53      AC:  2    Str: 17    XL:     9   Next: 43%
Magic:  22/25      EV: 20    Int: 21    God:    Cheibriados [*.....]
Gold:   227        SH:  0    Dex: 21    Spells: 3/18 levels left

rFire    . . .     SeeInvis .     - Unarmed
rCold    . . .     Gourm    .   (shield currently unavailable)
rNeg     . . .     Faith    .   (helmet currently unavailable)
rPois    x         Spirit   .   (no amulet)
rElec    .         Reflect  .   r - ring of magical power
rCorr    .         Harm     .   (no ring)
MR       .....                  (no ring)
Stlth    ++........             (no ring)
HPRegen  0.17/turn              (no ring)
MPRegen  0.19/turn              (no ring)
                                (no ring)
                                (no ring)

@: mighty, spider-form, very slightly contaminated, very slow
A: tiny, almost no armour, stealthy swim, (amphibious), 8 rings, (constrict 8)
a: End Transformation, Bend Time, Renounce Religion


You were on level 8 of the Dungeon.
You worshipped Cheibriados.
Cheibriados was aware of your devotion.
You were not hungry.
You were a venomous arachnid creature.
You visited 2 branches of the dungeon, and saw 9 of its levels.
You also visited: Sewer.

You collected 416 gold pieces.
You spent 189 gold pieces at shops.

Inventory:

Missiles
 a - 51 arrows
Jewellery
 r - a ring of magical power (left front leg)
Wands
 w - a wand of random effects (10)
 y - a wand of paralysis (9)
 A - a wand of scattershot (3)
Scrolls
 b - 9 scrolls of remove curse
 f - 3 scrolls of blinking {unknown}
 i - 4 scrolls of teleportation
 j - a scroll of enchant weapon {unknown}
 l - 2 scrolls of enchant armour {unknown}
 m - 3 scrolls of magic mapping
 n - 2 scrolls of immolation {unknown}
 p - a scroll of fog {unknown}
 s - a scroll of amnesia {unknown}
 t - a scroll of fear {unknown}
 v - a scroll of identify
Potions
 d - 2 potions of haste
 e - 2 potions of lignification
 g - 3 potions of curing
 h - a potion of berserk rage {unknown}
 k - 4 potions of magic
 o - 2 potions of might
 q - 2 potions of heal wounds
 u - a potion of agility {unknown}
 x - a potion of brilliance {unknown}
Comestibles
 c - 11 rations
 z - 11 chunks of flesh


   Skills:
 - Level 1.0 Fighting
 - Level 2.0 Dodging
 * Level 5.8 Unarmed Combat
 + Level 5.1 Spellcasting
 - Level 3.2 Hexes
 + Level 6.1 Transmutations
 - Level 6.0 Ice Magic
 - Level 3.7 Poison Magic
 + Level 1.6 Invocations


You had 3 spell levels left.
You knew the following spells:

 Your Spells              Type           Power        Failure   Level  Hunger
a - Beastly Appendage     Tmut           ####..       4%          1    None
b - Sticks to Snakes      Tmut           ####....     6%          2    None
c - Spider Form           Tmut/Pois      ####......   13%         3    ##.....
d - Ice Form              Ice/Tmut       ####....     22%         4    ####...
e - Ensorcelled Hibernat  Hex/Ice        ###...       10%         2    None
f - Confuse               Hex            ###.....     22%         3    ##.....

Your spell library contained the following spells:

 Spells                   Type           Power        Failure   Level  Hunger
 Corona                   Hex            ###....      10%         1    None
 Tukima's Dance           Hex            ###.....     22%         3    ##.....
 Dazzling Spray           Conj/Hex       ##....       36%         3    ##.....
 Blade Hands              Tmut           ####......   45%         5    #####..


Dungeon Overview and Level Annotations

Branches:
Dungeon (8/15)             Temple (1/1) D:6           Sewer (visited)
   Lair: D:8-11

Altars:
Cheibriados
Dithmenos
Hepliaklqana
Makhleb
Qazlal
Trog
Uskayaw
Xom
Yredelemnul
Zin
The Shining One

Shops:
D:4 [?

Annotations:
D:7 Harold
D:8 Grum


Innate Abilities, Weirdness & Mutations

You cannot wear most types of armour.
You are very stealthy in the water. (Stealth+)
((You are amphibious.))
You can wear up to eight rings at the same time.
((You can use your tentacles to constrict eight enemies at once.))
((Your skin changes colour to match your surroundings (Stealth+).))
((Your rubbery body absorbs attacks. (AC +1, EV +1)))


Message History

* * * LOW HITPOINT WARNING * * *
You feel very mighty all of a sudden. The wolf misses you.
Grum barely misses you.
You hit the wolf.
The wolf looks even sicker.
The wolf is moderately wounded.
The wolf closely misses you. Grum barely misses you.
The wolf closely misses you.
You bite the wolf!
The wolf looks as sick as possible!
The wolf is almost dead.
You hear a howl!
The wolf barely misses you. Grum misses you.
You closely miss the wolf.
The wolf is almost dead.
You kill the wolf!
Cheibriados thoroughly appreciates the change of pace.
Cheibriados raises the support of your attributes as your movement slows.
Grum hits you from afar with a -1 spear of flaming!
* * * LOW HITPOINT WARNING * * *
Grum burns you.
You die...

##.........##
.. ##...#...##
.. ######.###
#. #...######
. ###......#.#
..
######.#.#....
####.......#
#....####...
#s#### #####)#
###..(g.#
#.c.#####
#h###
#.....$...
###.....#.
...%..?
.......


You could see Grum.

Vanquished Creatures
  Grinder (D:4)
  Sigmund (D:6)
  A water moccasin (D:6)
  2 orc warriors (D:6)
  A necrophage (D:7)
  2 ogres
  A wolf (D:8)
  A centaur (D:8)
  A big kobold (D:7)
  A bullfrog (D:7)
  Blork the orc (D:6)
  A wight (D:6)
  A crimson imp (D:6)
  A centaur zombie (D:5)
  2 hounds
  A quasit (D:7)
  A centaur skeleton (D:5)
  A jelly (D:5)
  Crazy Yiuf (D:2)
  6 orc priests
  3 orc wizards (D:6)
  Jessica (D:2)
  2 worker ants
  2 iguanas (D:7)
  A worker ant zombie (D:6)
  5 gnolls
  13 adders
  2 dart slugs
  8 leopard geckos
  15 orcs
  13 bats
  6 giant cockroaches
  4 goblins
  10 hobgoblins
  14 jackals
  A quokka (D:6)
  6 ball pythons
  4 frilled lizards
  A giant cockroach zombie (D:5)
  A jackal skeleton (D:5)
  A jackal zombie (D:7)
  21 kobolds
  5 rats
  3 plants (Sewer)
170 creatures vanquished.

Vanquished Creatures (collateral kills)
  An orc warrior (D:7)
  A jelly (D:7)
  An orc (D:6)
3 creatures vanquished.

Grand Total: 173 creatures vanquished

Notes
Turn   | Place    | Note
-------+----------+-------------------------------------------
     0 | D:1      | Hugehornet the Octopode Transmuter began the quest for the
                  | Orb.
     0 | D:1      | Reached XP level 1. HP: 13/13 MP: 3/3
    26 | D:1      | Reached XP level 2. HP: 2/18 MP: 3/5
   386 | D:1      | Reached XP level 3. HP: 13/23 MP: 3/6
   390 | D:1      | Learned a level 2 spell: Sticks to Snakes
   394 | D:1      | Learned a level 3 spell: Spider Form
  1010 | D:2      | Noticed Jessica
  1016 | D:2      | Killed Jessica
  1016 | D:2      | Reached skill level 1 in Poison Magic
  1016 | D:2      | Reached XP level 4. HP: 27/28 MP: 0/7
  1411 | D:2      | Reached XP level 5. HP: 26/33 MP: 6/8
  1500 | D:2      | Found a hazy altar of Hepliaklqana.
  1624 | D:2      | Found a stormy altar of Qazlal.
  1836 | D:2      | Found a runed translucent door.
  1837 | D:2      | Noticed Crazy Yiuf
  1899 | D:2      | Killed Crazy Yiuf
  2040 | D:3      | Found a burning altar of Makhleb.
  2048 | D:3      | Found a glowing silver altar of Zin.
  2048 | D:3      | Noticed an angel
  2048 | D:3      | Noticed an Executioner
  2154 | D:3      | Reached XP level 6. HP: 32/38 MP: 5/9
  2206 | D:3      | Found a shimmering altar of Xom.
  2250 | D:3      | Found a faded altar of an unknown god.
  3216 | D:4      | Found Gymposma's Magic Scroll Shoppe.
  3220 | D:4      | Bought a scroll of magic mapping for 49 gold pieces
  3220 | D:4      | Bought a scroll of remove curse for 42 gold pieces
  3220 | D:4      | Bought a scroll of teleportation for 42 gold pieces
  3220 | D:4      | Bought a scroll of identify for 28 gold pieces
  3220 | D:4      | Bought a scroll of identify for 28 gold pieces
  3381 | D:4      | Noticed Grinder
  3398 | D:4      | Killed Grinder
  3398 | D:4      | Reached skill level 5 in Unarmed Combat
  3398 | D:4      | Reached XP level 7. HP: 11/43 MP: 1/11
  3615 | D:4      | Learned a level 4 spell: Ice Form
  3681 | D:4      | Found Quhoekh's Armour Emporium.
  3744 | D:4      | Reached skill level 1 in Ice Magic
  4084 | D:5      | Entered Level 5 of the Dungeon
  4136 | D:5      | HP: 2/43 [poisoned by a worker ant]
  4144 | D:5      | HP: 1/43 [poisoned by a worker ant]
  4400 | D:5      | Found a glowing drain.
  4444 | Sewer    | Entered a sewer
  5967 | D:5      | Found a glowing golden altar of the Shining One.
  6040 | D:6      | Learned a level 2 spell: Ensorcelled Hibernation
  6156 | D:6      | Reached skill level 1 in Hexes
  6304 | D:6      | Reached XP level 8. HP: 37/48 MP: 13/13
  6704 | D:6      | Noticed Blork the orc
  6720 | D:6      | Reached skill level 5 in Transmutations
  6915 | D:6      | Killed Blork the orc
  7048 | D:6      | Learned a level 3 spell: Confuse
  7100 | D:6      | Identified the +10 quarterstaff of Twilight {flame, rN++
                  | Str+3}
  7149 | D:6      | Noticed Sigmund
  7169 | D:6      | Killed Sigmund
  8227 | D:6      | Found a staircase to the Ecumenical Temple.
  8234 | Temple   | Entered the Ecumenical Temple
  8294 | Temple   | Became a worshipper of Cheibriados the Contemplative
  8579 | D:7      | Reached XP level 9. HP: 53/53 MP: 15/15
  8643 | D:7      | Reached skill level 5 in Ice Magic
  8667 | D:7      | Found a bloodstained altar of Trog.
  8860 | D:7      | Reached * piety under Cheibriados
  9035 | D:7      | Noticed Harold
  9209 | D:7      | Reached skill level 5 in Spellcasting
  9321 | D:7      | Reached skill level 1 in Invocations
  9827 | D:8      | Noticed Grum
  9848 | D:8      | Slain by Grum

Levels and vault maps discovered:
D:1:      nzn_arrival_water_spiral, layout_loops_ring
D:2:      layout_basic, old_standard_altar, old_standard_altar, first_ration,
          uniq_jessica, uniq_crazy_yiuf_cottage
D:3:      layout_basic, grunt_temple_overflow_order_and_chaos_2,
          lemuel_doored_altar, chequers_ecumenical_altar_simple
D:4:      layout_gridville, serial_shops, kennysheep_little_box, shop,
          uniq_grinder
D:5:      layout_loops_ring, nicolae_tso_swordbearing_angel,
          gup_sewer_entry_pipe
D:6:      layout_layer_cave, minmay_temple_entry_enclosed_plants,
          sword_in_stone, uniq_sigmund
D:7:      layout_basic, kennysheep_mini, uniq_harold
D:8:      layout_rooms, nicolae_overflow_crystal_walls, uniq_grum
Temple:   minmay_temple_curvy_loop

Skill      XL: |  1  2  3  4  5  6  7  8  9 |
---------------+----------------------------+-----
Transmutations | 3 4 6 |  6.1
Poison Magic   | 1 2 3 |  3.7
Unarmed Combat | 4 5 |  5.8
Spellcasting   | 3 4 5 |  5.1
Ice Magic      | 2 4 6 |  6.0
Hexes          | 1 3 |  3.2
Invocations    | 1 |  1.6
Fighting       | |  1.0
Dodging        | |  2.0

Action                   |  1- 3 |  4- 6 |  7- 9 || total
-------------------------+-------+-------+-------++-------
Melee: Unarmed           |    57 |    82 |   361 ||   500
       Constrict         |    14 |    17 |    33 ||    64
       Tentacles         |     5 |     7 |    45 ||    57
       Punch             |     1 |     2 |    13 ||    16
       Kick              |    12 |    12 |    52 ||    76
 Cast: Beastly Appendage |    12 |    21 |    32 ||    65
       Spider Form       |     1 |     3 |    21 ||    25
       Sticks to Snakes  |       |       |    11 ||    11
       Ensorcelled Hiber |       |       |     6 ||     6
       Confuse           |       |       |     2 ||     2
 Abil: End Transformatio |       |       |     5 ||     5
  Use: Scroll            |       |     2 |     5 ||     7
       Potion            |       |       |     6 ||     6
 Stab: Sleeping          |     6 |     7 |    11 ||    24
  Eat: Chunk             |     1 |     5 |    18 ||    24
       Ration            |       |     1 |     1 ||     2
Armor: Skin              |     5 |     8 |    21 ||    34
Dodge: Dodged            |    47 |    51 |   204 ||   302
